 Dungeon Crawl Stone Soup version 0.23-a0-550-g7de1f8e (webtiles) character file.

100 Lavandula the Cutter (level 5, -1/31 HPs)
             Began as a Halfling Enchanter on Dec 9, 2018.
             Slain by an orc
             ... wielding a +0 war axe
              (2 damage)
             ... on level 3 of the Dungeon.
             The game lasted 00:06:07 (1115 turns).

Lavandula the Cutter (Halfling Enchanter)           Turns: 1115, Time: 00:06:09

Health: -1/31      AC:  3    Str:  9    XL:     5   Next: 3%
Magic:  2/7        EV: 15    Int: 14    God:
Gold:   17         SH:  0    Dex: 15    Spells: 1/7 levels left

rFire    . . .     SeeInvis .   a - +1 dagger
rCold    . . .     Gourm    .   (shield restricted)
rNeg     . . .     Faith    .   b - +0 robe
rPois    .         Spirit   .   (no helmet)
rElec    .         Reflect  .   c - +0 cloak
rCorr    .         Harm     .   (no gloves)
MR       .....                  (no boots)
Stlth    ++........             (no amulet)
HPRegen  0.10/turn              (no ring)
MPRegen  0.10/turn              (no ring)

@: very slightly contaminated
A: small, mutation resistance 1
a: no special abilities


You were on level 3 of the Dungeon.
You were not hungry.

You visited 1 branch of the dungeon, and saw 5 of its levels.

You collected 17 gold pieces.

Inventory:

Hand Weapons
 a - a +1 dagger (weapon)
Missiles
 g - 40 sling bullets
Armour
 b - a +0 robe (worn)
 c - a +0 cloak (worn)
Scrolls
 e - 3 scrolls of identify
 f - a scroll of magic mapping
Comestibles
 d - 2 rations


   Skills:
 + Level 5.3 Short Blades
 - Level 2.1 Dodging
 - Level 3.2 Stealth
 - Level 1.5 Spellcasting
 - Level 2.4 Hexes


You had one spell level left.
You knew the following spells:

 Your Spells              Type           Power        Failure   Level  Hunger
a - Corona                Hex            #......      10%         1    ##.....
b - Ensorcelled Hibernat  Hex/Ice        #.....       22%         2    ###....
c - Mephitic Cloud        Conj/Pois/Air  #.......     58%         3    ####...

Your spell library contained the following spells:

 Spells                   Type           Power        Failure   Level  Hunger
 Confusing Touch          Hex            #.....       10%         1    ##.....
 Sting                    Conj/Pois      #...         26%         1    ##.....
 Confuse                  Hex            #.......     28%         3    ####...
 Tukima's Dance           Hex            #.......     28%         3    ####...
 Poisonous Vapours        Pois/Air       #.....       36%         2    ###....
 Dazzling Spray           Conj/Hex       #.....       41%         3    ####...
 Gell's Gravitas          Tloc           #.........   58%         3    ####...
 Olgreb's Toxic Radiance  Pois           #.......     94%         4    #####..
 Petrify                  Tmut/Erth      #.......     94%         4    #####..
 Metabolic Englaciation   Hex/Ice        #.........   99%         5    ######.
 Yara's Violent Unravell  Hex/Tmut       #.........   99%         5    ######.
 Venom Bolt               Conj/Pois      #.........   100%        5    ######.


Dungeon Overview and Level Annotations

Branches:
Dungeon (5/15)
 Temple: D:4-7

Altars:

Annotations:
D:1 exclusion: jackal


Innate Abilities, Weirdness & Mutations

You are small and have problems with some larger weapons.
You are somewhat resistant to further mutation.


Message History

* * * LOW HITPOINT WARNING * * *
The orc misses you. x2; The orc barely misses you.
The orc hits you with a +0 dagger.
* * * LOW HITPOINT WARNING * * *
The orc priest completely misses you.
Unknown command.
You closely miss the orc. The orc completely misses you. x2
The orc misses you.
The orc priest hits you but does no damage.
The orc hits you with a +0 war axe.
* * * LOW HITPOINT WARNING * * *
Unknown command.
You barely miss the orc. The orc completely misses you. The orc misses you.
The orc closely misses you.
Unknown command.
You hit the orc.
The orc is heavily wounded.
The orc hits you but does no damage. The orc priest closely misses you.
The orc misses you. The orc hits you with a +0 war axe.
You die...

...# #.#.# #.......#
.. #.#.# #......=#
####.#.# #...?...#
+....#.######
###.#####
##....o.....#####.##
#.####..<..##.....#
#. #.....##o....# ##
#.....##oo§..#
#.....§o@##..#
......§ooo§..#
.......§§§###.#
o.......§.....#
..o........#####
..#####.. ## #.# #..
##


You could see an orc priest and 6 orcs.

Vanquished Creatures
  A crimson imp (D:4)
  Natasha (D:3)
  2 adders (D:3)
  A leopard gecko (D:4)
  An orc (D:3)
  2 bats (D:1)
  A giant cockroach (D:1)
  3 goblins
  4 hobgoblins
  2 kobolds
  A ball python (D:1)
  2 frilled lizards
  3 rats
24 creatures vanquished.

Notes
Turn   | Place    | Note
-------+----------+-------------------------------------------
     0 | D:1      | Lavandula the Halfling Enchanter began the quest for the
                  | Orb.
     0 | D:1      | Reached XP level 1. HP: 11/11 MP: 3/3
   109 | D:1      | Reached skill level 2 in Short Blades
   117 | D:1      | Reached XP level 2. HP: 9/17 MP: 4/4
   224 | D:1      | Learned a level 2 spell: Ensorcelled Hibernation
   597 | D:2      | Reached skill level 3 in Short Blades
   673 | D:3      | Reached XP level 3. HP: 16/21 MP: 0/5
   827 | D:5      | Entered Level 5 of the Dungeon
   834 | D:5      | Noticed a gnoll sergeant
   973 | D:4      | Reached skill level 4 in Short Blades
   973 | D:4      | Reached XP level 4. HP: 18/27 MP: 0/6
   980 | D:5      | Learned a level 3 spell: Mephitic Cloud
  1010 | D:3      | Noticed Natasha
  1014 | D:3      | Killed Natasha
  1014 | D:3      | Reached skill level 5 in Short Blades
  1019 | D:3      | Reached XP level 5. HP: 26/31 MP: 0/7
  1113 | D:3      | HP: 1/31 [orc/+0 war axe (3)]
  1115 | D:3      | Slain by an orc

Vault maps used:
D:1:      minmay_arrival_plants_in_alcoves
D:2:      okawaru_metal_pillars_1_2, zin_angel, gammafunk_temple_overflow_pools
D:3:      uniq_natasha
D:4:      grunt_temple_overflow_champion_of_chaos
D:5:      minmay_temple_entry_hall, gammafunk_ghost_grave, first_ration

Skill      XL: |  1  2  3  4 |
---------------+-------------+-----
Short Blades   | 2 3 4 5 |  5.3
Dodging        | |  2.1
Stealth        | |  3.2
Spellcasting   | |  1.5
Hexes          | |  2.4

Action                   |  1- 3 |  4- 6 || total
-------------------------+-------+-------++-------
Melee: Dagger            |    65 |    15 ||    80
 Cast: Corona            |     3 |       ||     3
       Ensorcelled Hiber |     7 |     4 ||    11
  Use: Scroll            |     1 |     1 ||     2
 Stab: Sleeping          |     6 |     4 ||    10
  Eat: Chunk             |     1 |     1 ||     2
Armor: Robe              |     4 |     2 ||     6
Dodge: Dodged            |    39 |    22 ||    61

Table legend:
 A = Non-vault XP
 B = Vault XP
 C = Vault XP percentage of total XP
 D = Non-vault monster count
 E = Vault monster count
 F = Vault count percentage of total count
                 A         B        C        D         E       F
            +---------+---------+-------+---------+---------+-------
      Total |     108 |      36 |  25.0 |      23 |       1 |   4.2
            +---------+---------+-------+---------+---------+-------
        D:1 |      17 |       0 |   0.0 |      11 |       0 |   0.0
        D:2 |       6 |       0 |   0.0 |       4 |       0 |   0.0
        D:3 |      34 |      36 |  51.4 |       6 |       1 |  14.3
        D:4 |      51 |       0 |   0.0 |       2 |       0 |   0.0
            +---------+---------+-------+---------+---------+-------
